 Dungeon Crawl Stone Soup version 0.32-a0-913-g739538afd8 (webtiles) character file.

Game seed: 3148704577180910353

149 smashvw the Shield-Bearer (level 5, -10/46 HPs)
             Began as a Mountain Dwarf Fighter on Apr 9, 2024.
             Mangled by an orc
             ... wielding a +0 dagger of electrocution
              (18 damage)
             ... on level 3 of the Dungeon.
             The game lasted 00:02:53 (1813 turns).

smashvw the Shield-Bearer (Mountain Dwarf Fighter)  Turns: 1813, Time: 00:02:54

Health: -10/46     AC:  7    Str: 20    XL:     5   Next: 9%
Magic:  5/5        EV:  8    Int:  9    God:
Gold:   143        SH:  4    Dex:  9    Spells: 4/4 levels left

rFire   . . .        a - +0 war axe
rCold   . . .        c - +0 buckler
rNeg    . . .        b - +0 scale mail
rPois   .            (no helmet)
rElec   .            (no cloak)
rCorr   .            (no gloves)
SInv    .            (no boots)
Will    .....        (no amulet) Stlth
                     (no ring)
HPRegen 0.27/turn    (no ring)
MPRegen 0.09/turn

%: no passive effects
@: no status effects
A: runic magic, artefact enchanting
a: no special abilities


You were on level 3 of the Dungeon.
You visited 1 branch of the dungeon, and saw 3 of its levels.

You collected 143 gold pieces.

Inventory:

Hand Weapons
 a - a +0 war axe (weapon)
Armour
 b - a +0 scale mail (worn)
 c - a +0 buckler (worn)
Jewellery
 e - a ring of wizardry
 l - a ring of see invisible
Wands
 p - a wand of acid (10)
Scrolls
 f - 3 scrolls of identify {unknown}
 g - a scroll of revelation {unknown}
 h - a scroll of fog {unknown}
 j - a scroll of enchant armour {unknown}
 k - a scroll of torment {unknown}
 m - a scroll of enchant weapon {unknown}
 q - a scroll of teleportation {unknown}
Potions
 d - a potion of might
 i - 2 potions of heal wounds {unknown}
 n - a potion of mutation {unknown}
 o - a potion of magic {unknown}


   Skills:
 + Level 4.2 Fighting
 + Level 3.7 Axes
 + Level 4.2 Armour
 + Level 4.3 Shields


You had 4 spell levels left.
You didn't know any spells.
Your spell library contained the following spells:

 Spells                   Type           Power      Damage    Failure   Level
 Lesser Beckoning         Tloc           0%         N/A       67%         2
 Maxwell's Portable Pile  Tloc           0%         2d(5-13)  88%         3
 Teleport Other           Tloc           0%         N/A       88%         3


Dungeon Overview and Level Annotations

Branches:
Dungeon (3/15)

Altars:
Nemelex Xobeh

Annotations:
D:2 1 runed translucent door, Crazy Yiuf


Innate Abilities, Weirdness & Mutations

Your spellcasting is much less encumbered by armour.
You can use scrolls of enchantment on lesser artefacts.


Message History

You feel sick.
You feel sick.
You feel sick.
You are no longer poisoned.
HP restored.
A ribbon worm comes into view.
The ribbon worm expels a string of sticky webbing.
The stream of webbing hits you but does no damage.
You are caught in a web!
There is a web here.
You are caught in a web!
You are caught in a web!
The web tears apart.
You hit the ribbon worm.
The ribbon worm is moderately wounded.
The ribbon worm bites you.
You slash the ribbon worm!
The ribbon worm is severely wounded.
The ribbon worm barely misses you.
You slash the ribbon worm!
You kill the ribbon worm!
Found a leather armour.
You see here a ribbon worm corpse.
You now have 143 gold pieces (gained 9).
An orc comes into view.
It is wielding a +0 dagger of electrocution.
Found a glowing whip.
The orc shouts!
You hear a shout! x2
An orc is nearby!
An orc comes into view. It is wielding a +0 mace.
You barely miss the orc. The orc hits you but does no damage.
You are electrocuted!!
An orc comes into view. It is wielding a +0 flail.
A goblin comes into view. It is wielding a +0 dagger.
You closely miss the orc.
The orc hits you with a +0 dagger of electrocution.
You are electrocuted!
* * * LOW HITPOINT WARNING * * *
An orc priest comes into view. It is wielding a +0 falchion.
The orc hits you but does no damage.
You are electrocuted!!
You die...

#.#.##......##.#
#.#.##.###.#.#.#
#.#.#..#...##..#
#.#........#.###
#.#..######..#
#.#.#..†..##.##
#......##[###.##
o#.######.......###.##)#
#.og.oo@.........##.....
.#)#######.####...######
#.# #......... #.#
####...### #.# #...# #
#.# #...# # .# #...# #
....### ##......


You could see an orc priest (wandering), 3 orcs and a goblin.

Vanquished Creatures
  Natasha (thrice) (D:2)
  3 adders
  A ribbon worm (D:3)
  A dart slug (D:1)
  6 bats
  3 endoplasms (D:2)
  2 giant cockroaches (D:2)
  4 hobgoblins
  4 jackals (D:2)
  5 ball pythons
  2 frilled lizards
  5 goblins
  3 kobolds (D:2)
  5 rats
47 creatures vanquished.

Notes
Turn   | Place    | Note
-------+----------+-------------------------------------------
     0 | D:1      | smashvw the Mountain Dwarf Fighter began the quest for the
                  | Orb.
     0 | D:1      | Reached XP level 1. HP: 19/19 MP: 1/1
   309 | D:1      | Reached XP level 2. HP: 26/26 MP: 2/2
   558 | D:2      | You fall into a shaft and drop 1 floor!
   827 | D:2      | Reached XP level 3. HP: 33/33 MP: 3/3
  1100 | D:2      | Noticed Natasha
  1109 | D:2      | Killed Natasha
  1110 | D:2      | Reached XP level 4. HP: 21/40 MP: 4/4
  1166 | D:2      | Noticed Natasha
  1197 | D:2      | Killed Natasha
  1401 | D:2      | Found a sparkling altar of Nemelex Xobeh.
  1427 | D:2      | Found a runed translucent door.
  1428 | D:2      | Noticed Crazy Yiuf
  1460 | D:2      | Noticed Natasha
  1472 | D:2      | Killed Natasha
  1751 | D:3      | Reached XP level 5. HP: 41/46 MP: 5/5
  1813 | D:3      | Mangled by an orc

Illustrated notes

Levels and vault maps discovered:
D:1:      lightli_iron_boxes, layout_basic
D:2:      minmay_evil_eye, layout_rooms, basic_altar, grunt_ministairs_12,
          uniq_natasha, uniq_crazy_yiuf_cottage
D:3:      layout_loops_ring, minmay_cut_off

Skill      XL: |  1  2  3 |
---------------+----------+-----
Axes           | 3 |  3.7
Fighting       | 4 |  4.2
Armour         | 4 |  4.2
Shields        | 4 |  4.3

Action                     |  1- 3 |  4- 6 || total
---------------------------+-------+-------++-------
  Melee: War axe           |   106 |    28 ||   134
 Armour: Scale mail        |   101 |    33 ||   134
  Dodge: Dodged            |    43 |    15 ||    58
  Block: Buckler           |    26 |     6 ||    32

Table legend: (Time is in decaauts)
 A = Elapsed time spent in this place.
 B = Non-inter-level travel time spent in this place.
 C = Inter-level travel time spent in this place.
 D = Time resting spent in this place.
 E = Time spent auto-exploring this place.
 F = Levels seen in this place.
 G = Mean time per level.
                   A        B        C        D        E       F      G
               +--------+--------+--------+--------+--------+-----+--------+
         Total |   1863 |   1811 |     52 |      0 |   1481 |   3 |  621.0 |
       Dungeon |   1863 |   1811 |     52 |      0 |   1481 |   3 |  621.0 |
               +--------+--------+--------+--------+--------+-----+--------+

Top non-repeatable levels by time:
     D:2: 896 daAuts
     D:1: 564 daAuts
     D:3: 401 daAuts
